 Dungeon Crawl Stone Soup version 0.26-a0-812-g31a745ddcd (webtiles) character file.

Game seed: 3519319332400519484

236 kae the Conjurer (level 6, -1/39 HPs)
             Began as an Octopode Conjurer on Nov 24, 2020.
             Slain by an orc wizard
             ... wielding a +0 dagger
              (4 damage)
             ... on level 3 of the Dungeon.
             The game lasted 00:02:36 (3861 turns).

kae the Conjurer (Octopode Conjurer)                Turns: 3861, Time: 00:02:36

Health: -1/39      AC:  1    Str:  4 (6)  XL:     6   Next: 6%
Magic:  7/11       EV: 14    Int: 21 (23) God:
Gold:   227        SH:  0    Dex: 15 (16) Spells: 6/12 levels left

rFire    . . .     SeeInvis .   g - +0 spear (vamp)
rCold    . . .     Faith    .   (no shield)
rNeg     . . .     Spirit   .   (helmet restricted)
rPois    .         Reflect  .   (no amulet)
rElec    .         Harm     .   e - +6 ring of dexterity
rCorr    .         Rampage  .   f - ring of protection from magic
MR       +....                  (no ring)
Stlth    ++++......             (no ring)
HPRegen  0.13/turn              (no ring)
MPRegen  0.12/turn              (no ring)
                                (no ring)
                                (no ring)

@: brilliant
A: almost no armour, stealthy swim, amphibious, 8 rings, constrict 8, camouflage
1, gelatinous body 1
a: no special abilities


You were on level 3 of the Dungeon.
You visited 1 branch of the dungeon, and saw 4 of its levels.

You collected 227 gold pieces.

Inventory:

Hand Weapons
 g - a +0 vampiric spear (weapon)
Jewellery
 e - a +6 ring of dexterity (left tentacle)
 f - a ring of protection from magic (right tentacle)
Scrolls
 b - a scroll of enchant armour {unknown}
 j - a scroll of fear
Potions
 c - a potion of invisibility
 d - 2 potions of curing
 h - a potion of might


   Skills:
 + Level 1.8 Fighting
 + Level 2.9 Dodging
 + Level 3.9 Stealth
 * Level 3.5 Spellcasting
 * Level 5.0 Conjurations


You had 6 spell levels left.
You knew the following spells:

 Your Spells              Type           Power        Failure   Level
a - Magic Dart            Conj           ####         1%          1
b - Searing Ray           Conj           #####.       2%          2
c - Dazzling Flash        Conj/Hex       ###...       14%         3

Your spell library contained the following spells:

 Spells                   Type           Power        Failure   Level
 Fulminant Prism          Conj/Hex       ###.......   41%         4
 Iskenderun's Mystic Bla  Conj/Tloc      ###.....     41%         4


Dungeon Overview and Level Annotations

Branches:
Dungeon (4/15)
 Temple: D:4-7

Altars:
Gozag
Makhleb
Ru

Annotations:
D:2 1 runed translucent door, Crazy Yiuf


Innate Abilities, Weirdness & Mutations

You cannot wear most types of armour.
You are very stealthy in the water. (Stealth+)
You are amphibious.
You can wear up to eight rings at the same time.
You can use your tentacles to constrict eight enemies at once.
Your skin changes colour to match your surroundings (Stealth+).
Your rubbery body absorbs attacks. (AC +1, EV +1)


Message History

You feel a surge of power!
The magic dart hits the orc wizard.
The orc wizard is almost dead.
The orc wizard gestures wildly while chanting.
The orc wizard flickers and vanishes!
Deactivating autopickup; reactivate with Ctrl-A.
Casting: Magic Dart (safe; 1% risk of failure)
Confirm with . or Enter, or press ? or * to list all spells.
You can't see any susceptible monsters within range! (Use Z to cast anyway.)
You closely miss something. Something hits you but does no damage.
You closely miss something. Something hits you.
* * * LOW HITPOINT WARNING * * *
You miss something.
You hear some strange, mumbled words.
Something tries to affect you, but you resist.
You closely miss something. Something hits you.
* * * LOW HITPOINT WARNING * * *
You miss something. Something hits you.
* * * LOW HITPOINT WARNING * * *
You miss something. Something barely misses you. Something hits you.
You die...

#......._..........## #..##
###.#†#...#.#.#...##### ##..#
#.#.##.##.#.#.......######.##
#.#.......#.#..####..........
#.####.####.#..## #######....
#...........#...# #####
######.######...#
#.....).{[.# ######[@...#
#.[...# #.....# #.....#
#.....# #######


There were no monsters in sight!

Vanquished Creatures
  A bullfrog (D:2)
  An orc priest (D:3)
  A jelly (D:2)
  4 adders
  An ooze (D:2)
  A worm (D:2)
  2 dart slugs
  3 leopard geckos
  6 orcs
  2 ball pythons (D:3)
  2 giant cockroaches
  4 goblins
  11 hobgoblins
  2 jackals (D:1)
  2 quokkas (D:2)
  9 bats
  4 frilled lizards
  5 kobolds
  5 rats
66 creatures vanquished.

Notes
Turn   | Place    | Note
-------+----------+-------------------------------------------
     0 | D:1      | kae the Octopode Conjurer began the quest for the Orb.
     0 | D:1      | Reached XP level 1. HP: 11/11 MP: 3/3
   573 | D:1      | Reached XP level 2. HP: 12/17 MP: 5/5
   822 | D:1      | Learned a level 2 spell: Searing Ray
  1126 | D:1      | Reached XP level 3. HP: 22/22 MP: 2/6
  1533 | D:2      | Reached skill level 1 in Fighting
  1533 | D:2      | Reached XP level 4. HP: 28/28 MP: 1/8
  2088 | D:2      | Found a runed translucent door.
  2089 | D:2      | Noticed Crazy Yiuf
  2204 | D:2      | Noticed a bullfrog
  2210 | D:2      | Killed a bullfrog
  2210 | D:2      | Reached XP level 5. HP: 33/33 MP: 2/9
  2326 | D:2      | Learned a level 3 spell: Dazzling Flash
  2605 | D:2      | Found a burning altar of Makhleb.
  3318 | D:3      | Found an opulent altar of Gozag.
  3395 | D:3      | Found a sacrificial altar of Ru.
  3818 | D:3      | Reached skill level 5 in Conjurations
  3818 | D:3      | Reached XP level 6. HP: 10/39 MP: 3/11
  3861 | D:3      | Slain by an orc wizard

Illustrated notes

Levels and vault maps discovered:
D:1:      minmay_arrival_wavy_path, layout_rooms, grunt_decor_junction
D:2:      layout_basic, bloody_makhleb, uniq_crazy_yiuf_cottage
D:3:      layout_rooms, nicolae_gozag_cash_rules_everything_around_me,
          nicolae_ru_sacrificial_ziggurat
D:4:      layout_cave_pools, lemuel_zombie_altar_yredelemnul, fedhas_altar_3,
          serial_park, serial_park_paths [serial_park_minivault_5x5_1],
          serial_park_square2, serial_park_tiny_pond, portal_sewer_entry_c,
          wad_rectangle_vault

Skill      XL: |  1  2  3  4  5 |
---------------+----------------+-----
Stealth        | 3 |  3.9
Fighting       | 1 |  1.8
Spellcasting   | 3 |  3.5
Conjurations   | 5 |  5.0
Dodging        | |  2.9

Action                   |  1- 3 |  4- 6 || total
-------------------------+-------+-------++-------
Melee: Unarmed           |    52 |       ||    52
       Constrict         |    15 |     5 ||    20
       Tentacles         |     6 |     4 ||    10
       Spear             |     6 |    31 ||    37
 Cast: Magic Dart        |    37 |    81 ||   118
       Searing Ray       |       |     1 ||     1
  Use: Scroll            |       |     7 ||     7
       Potion            |       |     3 ||     3
 Stab: Distracted        |     1 |       ||     1
       Sleeping          |     1 |     4 ||     5
Armor: Skin              |    15 |     1 ||    16
Dodge: Dodged            |    61 |    37 ||    98

Table legend: (Time is in decaauts)
 A = Elapsed time spent in this place.
 B = Non-inter-level travel time spent in this place.
 C = Inter-level travel time spent in this place.
 D = Time resting spent in this place.
 E = Time spent auto-exploring this place.
 F = Levels seen in this place.
 G = Mean time per level.
                   A        B        C        D        E       F      G
               +--------+--------+--------+--------+--------+-----+--------+
         Total |   3865 |   3818 |     47 |    545 |   2856 |   4 |  966.2 |
       Dungeon |   3865 |   3818 |     47 |    545 |   2856 |   4 |  966.2 |
               +--------+--------+--------+--------+--------+-----+--------+

Top non-repeatable levels by time:
     D:2: 1585 daAuts
     D:1: 1342 daAuts
     D:3: 896 daAuts
     D:4: 41 daAuts
